 Dungeon Crawl Stone Soup version 0.17-a0-1150-g17b0b87 (webtiles) character file.

2310 nuthulu the Basher (level 9, -9/82 HPs)
             Began as a Minotaur Berserker on May 27, 2015.
             Was an Elder of Trog.
             Mangled by Joseph
             ... wielding a +0 quarterstaff
              (15 damage)
             ... on level 7 of the Dungeon.
             The game lasted 00:19:14 (5876 turns).

nuthulu the Basher (Minotaur Berserker)             Turns: 5876, Time: 00:19:14

Health: -9/82      AC:  9    Str: 25      XL:     9   Next: 18%
Magic:  8/8        EV: 15    Int:  6 (7)  God:    Trog [****..]
Gold:   603        SH:  0    Dex: 10      Spells: 0 memorised, 8 levels left

rFire  + . .     SeeInvis .     k - +1 great mace
rCold  . . .     Clarity  .     n - +2 ring mail {rF+}
rNeg   . . .     SustAt   .     (no shield)
rPois  .         Gourm    .     (helmet restricted)
rElec  .         Spirit   .     j - +0 cloak
rCorr  +         Warding  .     (no gloves)
rMut   .         Stasis   .     (no boots)
MR     .....                    f - amulet of resist corrosion
Stlth  +.........               (no ring)
                                e - +3 ring of intelligence

@: drained, not resistant to hostile enchantments, very unstealthy
A: retaliatory headbutt, hooves 1, horns 2, repulsion field 1, deterioration 1
a: Burn Spellbooks, Berserk, Trog's Hand, Brothers in Arms, Renounce Religion


You were on level 7 of the Dungeon.
You worshipped Trog.
Trog was greatly pleased with you.
You were not hungry.

You visited 1 branch of the dungeon, and saw 8 of its levels.

You collected 603 gold pieces.

Inventory:

Hand weapons
 a - a +0 mace
 k - a +1 great mace (weapon)
Armour
 b - a +1 animal skin
 j - a +0 cloak (worn)
 n - a +2 ring mail of fire resistance (worn)
 r - a +3 ring mail
Jewellery
 e - a +3 ring of intelligence (left hand)
 f - an amulet of resist corrosion (around neck)
 v - a cursed ring of teleportation
Magical devices
 i - a wand of slowing (43)
 q - a wand of confusion (29)
Scrolls
 m - 2 scrolls of remove curse
 o - 3 scrolls of enchant armour
 t - 4 scrolls of identify
 w - a scroll of teleportation
 x - a scroll of recharging
Potions
 h - a potion of magic
 l - 5 potions of curing
 p - 3 potions of brilliance
Comestibles
 c - 5 bread rations
 d - a slice of pizza
 g - a meat ration
 u - a royal jelly


   Skills:
 * Level 8.3(8.1) Fighting
 * Level 9.2(9.0) Maces & Flails
 * Level 7.5(7.3) Armour
 + Level 5.4(5.2) Dodging
 + Level 1.9(1.7) Stealth


You had 8 spell levels left.
You didn't know any spells.

Dungeon Overview and Level Annotations

Branches:
Dungeon (8/15)             Temple (0/1) D:6
   Lair: D:8-11

Altars:
Fedhas
Ru
Vehumet

Annotations:
D:7 Joseph


Innate Abilities, Weirdness & Mutations

You reflexively headbutt those who attack you in melee.
You have a pair of horns on your head.
You have large cloven feet.
You are surrounded by a mild repulsion field (EV +2).
Your body sometimes deteriorates upon taking damage.


Message History

You hit Joseph. Your kick misses Joseph.
Joseph is severely wounded.
Joseph hits you with an uncursed quarterstaff!
Joseph completely misses you. You furiously retaliate!
You headbutt Joseph! You sock Joseph! You kick Joseph, but do no damage.
Joseph is almost dead.
Joseph hits you with an uncursed quarterstaff!
Joseph closely misses you.
You barely miss Joseph. You kick Joseph, but do no damage.
Your headbutt misses Joseph.
Joseph is almost dead.
Joseph hits you with an uncursed quarterstaff!!
* * * LOW HITPOINT WARNING * * *
Your body deteriorates!
You feel dopey.
Drink which item? (? for menu, Esc to quit)
You feel better.
Joseph hits you with an uncursed quarterstaff!
* * * LOW HITPOINT WARNING * * *
Joseph hits you with an uncursed quarterstaff!
You die...

#.......##>.....(...
#.......###########.
#.......### #.
#####......... #.
#............. ##
#.##..........
#..#..........
##.#(..(......
#....@.######
######@# #.# #.# #.#
#(# #....# #....#
..\....


You could see Joseph (berserk).

Vanquished Creatures
  A necrophage (D:5)
  Duvessa (D:6)
  The ghost of Sydanta the Ruffian, an average TrMo (D:3)
  2 orc warriors (D:7)
  2 sky beasts (D:5)
  4 ogres
  An ice beast (D:5)
  A centaur (D:4)
  A giant frog (D:6)
  Dowan (D:6)
  A gnoll sergeant (D:7)
  2 scorpions
  An orc priest (D:6)
  An orc wizard (D:6)
  4 crimson imps
  2 giant frog zombies (D:5)
  A centaur skeleton (D:5)
  2 hounds
  2 jellies
  Jessica (D:2)
  A giant frog skeleton (D:5)
  3 iguanas
  2 worker ants
  A worker ant zombie (D:7)
  9 gnolls (D:7)
  9 adders
  5 giant geckos
  8 orcs
  5 giant cockroaches
  12 hobgoblins
  4 quokkas
  2 ball pythons
  12 bats
  7 giant newts
  6 goblins
  A jackal skeleton (D:6)
  12 kobolds
  7 rats
138 creatures vanquished.

Notes
Turn   | Place    | Note
--------------------------------------------------------------
     0 | D:1      | nuthulu the Minotaur Berserker began the quest for the Orb.
     0 | D:1      | Reached XP level 1. HP: 19/19 MP: 0/0
   245 | D:1      | Reached XP level 2. HP: 17/27 MP: 1/1
   661 | D:1      | Reached skill level 4 in Maces & Flails
  1142 | D:2      | Reached XP level 3. HP: 33/33 MP: 2/2
  1176 | D:2      | Acquired Trog's second power
  1438 | D:2      | Noticed Jessica
  1442 | D:2      | Killed Jessica
  1442 | D:2      | Reached XP level 4. HP: 41/41 MP: 3/3
  1447 | D:2      | Found a sacrificial altar of Ru.
  1910 | D:3      | Noticed Sydanta's ghost (average TrMo)
  1924 | D:3      | Killed Sydanta's ghost
  1924 | D:3      | Reached skill level 5 in Fighting
  1924 | D:3      | Reached skill level 5 in Maces & Flails
  1924 | D:3      | Reached XP level 5. HP: 21/48 MP: 4/4
  2182 | D:3      | Gained mutation: You have large cloven feet. [potion of mutation]
  2182 | D:3      | Gained mutation: Your body sometimes deteriorates upon taking damage. [potion of mutation]
  2182 | D:3      | Gained mutation: You are surrounded by a mild repulsion field (EV +2). [potion of mutation]
  2545 | D:3      | Noticed an ogre
  2549 | D:3      | Killed an ogre
  2549 | D:3      | Reached XP level 6. HP: 46/56 MP: 5/5
  2741 | D:4      | Found a blossoming altar of Fedhas.
  2868 | D:4      | Found a radiant altar of Vehumet.
  2996 | D:4      | You fall through a shaft for 2 floors!
  3060 | D:6      | Noticed Dowan
  3061 | D:6      | Noticed Duvessa
  3063 | D:5      | Entered Level 5 of the Dungeon
  3227 | D:5      | Reached skill level 6 in Maces & Flails
  3277 | D:5      | Reached skill level 5 in Armour
  3277 | D:5      | Reached skill level 1 in Stealth
  3454 | D:5      | Reached XP level 7. HP: 61/61 MP: 6/6
  4017 | D:4      | Reached skill level 7 in Maces & Flails
  4252 | D:5      | Reached XP level 8. HP: 63/70 MP: 7/7
  4697 | D:6      | Killed Duvessa
  4699 | D:6      | Acquired Trog's third power
  4702 | D:6      | Killed Dowan
  4702 | D:6      | Reached skill level 8 in Maces & Flails
  4879 | D:6      | Received a gift from Trog
  4879 | D:6      | Reached skill level 5 in Dodging
  5075 | D:6      | Found a staircase to the Ecumenical Temple.
  5158 | D:6      | You fall through a shaft for 2 floors!
  5455 | D:7      | Reached XP level 9. HP: 36/80 MP: 8/8
  5528 | D:7      | Reached skill level 9 in Maces & Flails
  5854 | D:7      | Noticed Joseph
  5876 | D:7      | Mangled by Joseph

Vault maps used:
D:1:      dpeg_chamrin_arrival_tetris, grunt_decor_resistance,
          patterned_corridor
D:2:      hangedman_ru_absence, serial_curves, eino_curves_02, eino_curves_03,
          hangedman_feature_mirror, uniq_jessica
D:4:      kennysheep_mini_moat, first_bread, minmay_item_behind_shaft,
          fedhas_altar_2
D:6:      minmay_temple_entry_enclosed_plants, kennysheep_generic_room_12,
          uniq_duvessa
D:7:      the_bakery, uniq_joseph

Action                   |  1- 3 |  4- 6 |  7- 9 || total
-------------------------+-------+-------+-------++-------
Melee: Mace              |    61 |    90 |       ||   151
       Great mace        |       |    22 |   159 ||   181
Invok: Burn Spellbooks   |     1 |     1 |       ||     2
       Berserk           |       |     1 |     2 ||     3
  Use: Scroll            |     5 |     5 |     4 ||    14
       Potion            |       |    11 |     4 ||    15
 Stab: Distracted        |     1 |       |       ||     1
       Invisible         |       |     1 |       ||     1
  Eat: Chunk             |     2 |     3 |     3 ||     8
       Royal jelly       |       |     1 |       ||     1
       Meat ration       |       |     1 |       ||     1
       Bread ration      |       |       |     1 ||     1
